[Event "Estonian Chess Championship 2021"]
[Site "Tallinn, Paul Keres Chess House, Estonia"]
[Date "2021.12.19"]
[Round "9.4"]
[White "Kull, Tormi"]
[Black "Timoshin, Andrei"]
[Result "0-1"]
[TimeControl "90 minutes for first 40 moves and 15 min. for the rest of the game with 30 sec."]
[WhiteFideId "4510151"]
[BlackFideId "4503503"]
[WhiteElo "1753"]
[BlackElo "2150"]

1. e4 c5 2. Nf3 g6 3. c3 Bg7 4. d4 cxd4 5. cxd4 d5 6. e5 Nc6 7. Nc3 Nh6 8. h3 O-O 9. Bf4 f6 10.
Qd2 Nf7 11. exf6 exf6 12. Be2 Be6 13. Rc1 Nd6 14. Bxd6 Qxd6 15. O-O Rfe8 16. Rfe1 Qf8 17. Qc2 Bh6 18. Rcd1 Rac8 19. Qb3 Qf7 20.
Nh2 Na5 21. Qb5 Nc4 22. Bf3 a6 23. Qb4 Nd2 24. Be2 Ne4 25. Nf1 Nxc3 26. bxc3 Rc7 27. Bf3 Rec8 28. Qa5 Kh8 29. Ne3 Rxc3 30.
Ng4 Bf4 31. Qb6 R3c6 32. Qa5 Rc1 33. g3 Rxd1 34. Rxd1 Bc7 35. Qb4 Bb8 36. Ne3 f5 37. Ng2 f4 38. g4 h5 39. Qd2 hxg4 40.
hxg4 g5 41. Ne1 Qd7 42. Qe2 Kg7 43. Nd3 b6 44. Kg2 Rh8 45. Ne5 Qc8 46. Rb1 b5 47. a4 bxa4 48. Nd3 Re8 49. Nc5 Bf7 50.
Qa2 Bd6 51. Nb7 Bf8 52. Qxa4 Bg6 53. Rb6 Be4 54. Bxe4 Qxg4+ 55. Kh2 Rxe4 56. Qb3 f3 0-1

[Event "Estonian Chess Championship 2021"]
[Site "Tallinn, Paul Keres Chess House, Estonia"]
[Date "2021.12.19"]
[Round "9.5"]
[White "Andrijashkin, Deniss"]
[Black "Rychagov, Nikita"]
[Result "1-0"]
[TimeControl "90 minutes for first 40 moves and 15 min. for the rest of the game with 30 sec."]
[WhiteFideId "4504631"]
[BlackFideId "4508394"]
[WhiteElo "2036"]
[BlackElo "1985"]

1. Nf3 d5 2. g3 c5 3. Bg2 Nc6 4. d4 Nf6 5. O-O h6 6. c4 e6 7. Nc3 dxc4 8. Qa4 Bd7 9. Qxc4 b5 10.
Qd3 c4 11. Qc2 b4 12. Ne4 Nxe4 13. Qxe4 Rc8 14. d5 Ne7 15. Rd1 Qa5 16. dxe6 Bxe6 17. Nd4 Bd5 18. Qe5 f6 19. Qh5+ g6 20.
Qh4 Kf7 21. e4 Ba8 22. Bh3 Rc5 23. Bf4 Nc6 24. Be6+ Kg7 25. Nf5+ Rxf5 26. exf5 h5 27. Rd7+ Be7 28. Bd6 Re8 29.
Qxc4 Kh6 30. Bc7 Qa4 31. b3 Qa3 32. Bd5 Bd6 33. Bxd6 Na5 34. Qf4+ g5 35. Qd4 h4 36. Bxa8 Rxa8 37.
g4 1-0